Map: World of Sleepers LE

Players

Dream

  • Race: Terran Terran
  • League: Master
  • Spawn Location: 1:00

TIME (Oliveira) - Winner!

  • Race: Terran Terran
  • League: Master
  • Spawn Location: 7:00

VOD

Have the link to the VOD?

Description

Time

  • Played on: Jan. 9, 2020, 4:30 a.m.
  • Length: 7:20
Show
View Real Time Build Order
Export as new Build Order

Dream Terran 

Build Orders: Mech 

Get SALT Encoding   

  12  0:00  SCV  
  13  0:12  SCV  
  14  0:17  Supply Depot  
  14  0:24  SCV  
  15  0:30  Refinery  
  15  0:39  SCV  
  16  0:45  Barracks  
  16  0:51  SCV  
  16  0:56  Refinery  
  17  1:03  SCV  
  18  1:15  SCV  
  19  1:32  Reaper, Orbital Command  
  20  1:37  Factory  
  20  1:50  Supply Depot  
  20  1:58  SCV  
  21  2:04  Reaper  
  22  2:10  SCV  
  23  2:22  SCV  
  24  2:24  Hellion  
  26  2:34  SCV  
  27  2:41  Command Center  
  27  2:42  Reaper  
  27  2:46  Hellion  
  27  2:49  Supply Depot  
  27  2:50  SCV  
  30  3:02  SCV  
  31  3:10  Hellion  
  32  3:14  Starport, Barracks Tech Lab  
  32  3:16  SCV  
  33  3:28  SCV  
  34  3:34  Factory Tech Lab  
  34  3:40  SCV  
  34  3:42  Refinery  
  33  3:52  SCV  
  33  3:53  Cyclone  
  35  3:57  Orbital Command  
  35  4:02  Mag-Field Accelerator  
  35  4:04  SCV  
  35  4:09  Banshee  
  37  4:10  Cloaking Field  
  37  4:17  SCV  
  36  4:23  SCV  
  37  4:25  Cyclone  
  37  4:29  SCV  
  41  4:35  SCV  
  42  4:41  SCV  
  43  4:47  SCV  
  43  4:49  Command Center  
  43  4:52  Banshee  
  47  4:53  SCV  
  47  4:57  Cyclone  
  51  5:00  SCV, Supply Depot  
  51  5:05  SCV  
  53  5:12  Supply Depot  
  53  5:13  SCV, Refinery  
  54  5:18  Supply Depot  
  54  5:19  Factory  
  54  5:21  SCV  
  55  5:28  Supply Depot  
  55  5:30  SCV  
  55  5:33  SCV  
  55  5:35  Banshee  
  54  5:41  Cyclone  
  54  5:42  SCV  
  58  5:45  SCV  
  59  5:54  SCV  
  59  5:56  Factory  
  57  5:57  SCV  
  57  5:59  Engineering Bay  
  57  6:01  Marine  
  57  6:03  Orbital Command  
  59  6:07  SCV  
  59  6:08  Bunker  
  59  6:10  SCV, Factory Tech Lab  
  61  6:13  Siege Tank  
  64  6:19  SCV  
  64  6:20  Banshee  
  68  6:28  SCV  
  66  6:33  Siege Tank  
  69  6:43  SCV x2  
  69  6:46  Cyclone  
  70  6:47  Hellion  
  68  6:55  SCV x2  
Show
View Real Time Build Order
Export as new Build Order

TIME Terran - Winner!

Build Orders: Gas First Reaper Expand 

Get SALT Encoding   

  12  0:01  SCV  
  13  0:13  SCV  
  14  0:17  Supply Depot  
  14  0:25  SCV  
  15  0:30  Refinery  
  15  0:39  SCV  
  16  0:44  Barracks  
  16  0:51  SCV  
  17  1:03  SCV  
  18  1:15  SCV  
  19  1:33  Orbital Command, Reaper  
  20  1:46  Command Center  
  20  1:55  Factory  
  20  1:59  SCV  
  21  2:09  Reaper  
  21  2:11  Refinery  
  21  2:15  Supply Depot  
  22  2:17  SCV  
  23  2:33  SCV  
  23  2:41  Marine, Hellion  
  26  2:45  SCV  
  26  2:48  Starport  
  27  2:57  SCV  
  28  2:59  Orbital Command  
  28  3:04  Hellion  
  30  3:12  SCV, Barracks Reactor  
  31  3:24  Starport Tech Lab  
  31  3:25  SCV  
  31  3:26  Factory Tech Lab  
  32  3:28  SCV  
  32  3:30  Supply Depot  
  33  3:37  Refinery  
  33  3:42  SCV  
  33  3:44  Raven  
  34  3:49  SCV  
  33  3:56  SCV  
  33  3:58  Marine x2  
  33  3:59  Cyclone  
  33  4:02  SCV  
  40  4:09  SCV  
  41  4:16  Command Center  
  41  4:17  SCV  
  42  4:19  Marine x2  
  44  4:25  SCV  
  44  4:29  SCV  
  44  4:31  Supply Depot  
  46  4:35  Liberator  
  46  4:37  SCV  
  47  4:39  Siege Tank  
  47  4:42  SCV  
  51  4:48  Viking  
  56  4:53  Supply Depot  
  56  4:54  SCV  
  56  4:55  SCV  
  56  4:58  Stimpack  
  58  5:00  Marine  
  58  5:06  SCV  
  57  5:08  SCV  
  57  5:12  Siege Tank  
  61  5:16  Supply Depot  
  61  5:18  Marine, SCV  
  61  5:20  SCV, Viking  
  66  5:29  Orbital Command  
  66  5:34  SCV  
  67  5:35  Marine  
  67  5:37  Viking  
  67  5:41  SCV  
  68  5:43  Engineering Bay  
  68  5:46  Siege Tank  
  70  5:51  SCV  
  70  5:53  Engineering Bay  
  70  5:55  SCV x2  
  70  5:59  Viking  
  70  6:00  Marine  
  70  6:03  SCV  
  74  6:07  SCV  
  75  6:13  Missile Turret  
  75  6:14  Orbital Command  
  75  6:15  Missile Turret  
  75  6:18  SCV  
  76  6:20  Marine  
  76  6:21  Siege Tank  
  80  6:29  SCV  
  80  6:30  SCV  
  82  6:33  Viking x2  
  86  6:41  SCV  
  86  6:44  Barracks x2  
  87  6:48  SCV  
  87  6:52  Refinery  
  87  6:53  Supply Depot  
  88  6:54  SCV  
  85  7:07  SCV  
Tags
 
Add a new tag
Caveats
  • Supply blocks, unpowered buildings, or Contaminate may cause inaccurate times.
  • Supply counts are checked every 10 seconds.